 Dungeon Crawl Stone Soup version 0.19-a0-607-g42021f0 (webtiles) character file.

627289 tyrsky the Slayer (level 27, -11/292 (295) HPs)
             Began as a Minotaur Berserker on June 12, 2016.
             Was the Champion of the Shining One.
             Killed by divine providence
             ... invoked by a greater mummy
              (12 damage)
             ... on level 3 of the Tomb of the Ancients.
             The game lasted 02:59:06 (56503 turns).

tyrsky the Slayer (Minotaur Berserker)             Turns: 56503, Time: 02:59:07

HP:   -11/292 (295) AC: 42    Str: 39      XL:     27
MP:   0/35          EV: 25    Int:  4 (7)  God:    the Shining One [******]
Gold: 5260          SH:  0    Dex: 15      Spells: 0 memorised, 26 levels left

rFire  + . .     SeeInvis .     b - +8 mithril axe "Arga" {speed, MR+ Str+2}
rCold  . . .     Gourm    .     l - +7 plate armour "Comew" {*Confuse rN+ Str+4}
rNeg   + + +     Faith    .     o - +0 shield {reflect}
rPois  +         Spirit   +     q - +0 hat {Spirit}
rElec  +         Dismiss  .     G - +1 cloak {rPois}
rCorr  .         Reflect  +     W - +1 pair of gloves {archery}
SustAt .         Harm     .     O - +2 pair of boots
MR     +++..     Rnd*Rage +     R - amulet of regeneration
Stlth  ..........               s - ring "Qoan" {rElec MR+ Int+3 Dex+3}
                                e - ring of Vehumet's Envy {Wiz rF+ rN+ MR-}

@: confused, slowed, glowing, very slow, extremely resistant to hostile
enchantments, extremely unstealthy
A: retaliatory headbutt, fangs 1, horns 2, talons 1, iridescent scales 1,
camouflage 1, berserk 1, robust 1, screaming 1
a: Divine Shield, Cleansing Flame, Summon Divine Warrior, Brand Weapon With Holy
Wrath, Renounce Religion
}: 3/15 runes: decaying, silver, gossamer


You were on level 3 of the Tomb of the Ancients.
You worshipped the Shining One.
The Shining One was exalted by your worship.
You were very hungry.

You visited 10 branches of the dungeon, and saw 50 of its levels.
You visited the Abyss 1 time.
You visited 1 bazaar.
You also visited: Volcano.

You collected 7896 gold pieces.
You spent 2636 gold pieces at shops.

Inventory:

Hand Weapons
 b - the +8 mithril axe "Arga" (weapon) {speed, MR+ Str+2}
   (Trog gifted it to you on level 1 of the Tomb of the Ancients)

   Attacks with this weapon are significantly faster.
   It affects your strength (+2).
   It affects your resistance to hostile enchantments.
 L - a +9 eveningstar of holy wrath
 S - the +8 frozen axe "Frostbite" {freezing cloud, *Noise +Fly rC+}
   (You found it on level 5 of the Vaults)

   It has been specially enchanted to freeze those struck by it, causing extra
   injury to most foes and up to half again as much damage against particularly
   susceptible opponents.
   It can also slow down cold-blooded creatures.
   It protects you from cold.
   It lets you fly.
   It may make noises in combat.
Armour
 l - the +7 plate armour "Comew" (worn) {*Confuse rN+ Str+4}
   (You found it on level 1 of the Elven Halls)

   It affects your strength (+4).
   It protects you from negative energy.
   It may confuse you when you take damage.
 o - a +0 shield of reflection (worn)
 q - a +0 hat of spirit shield (worn)
 x - the +0 pair of gloves of the Jabberwock {rPois rCorr Int+6 Dex-3}
   (You took it off Nikola on level 4 of the Swamp)

   It affects your intelligence (+6).
   It affects your dexterity (-3).
   It protects you from poison.
   It protects you from acid and corrosion.
 G - a +1 cloak of poison resistance (worn)
 O - a +2 pair of boots (worn)
 W - a +1 pair of gloves of archery (worn)
Jewellery
 e - the ring of Vehumet's Envy (left hand) {Wiz rF+ rN+ MR-}
   (You found it on level 5 of the Vaults)

   [ring of wizardry]

   It improves your spell success rate.
   It protects you from fire.
   It protects you from negative energy.
   It affects your resistance to hostile enchantments.
 i - an uncursed ring of sustain attributes
 m - the ring "Locuatynk" {+Fly rPois Int+2}
   (You took it off a deep elf sorcerer on level 3 of the Elven Halls)

   [ring of flight]

   It affects your intelligence (+2).
   It protects you from poison.
   It lets you fly.
 s - the ring "Qoan" (right hand) {rElec MR+ Int+3 Dex+3}
   (You took it off a deep elf sorcerer on level 3 of the Elven Halls)

   [ring of protection from magic]

   It affects your intelligence (+3).
   It affects your dexterity (+3).
   It insulates you from electricity.
   It affects your resistance to hostile enchantments.
 R - an amulet of regeneration (around neck)
Wands
 a - a wand of hasting (5/9)
 h - a wand of iceblast (8/15)
 y - a wand of disintegration (13/24)
 C - a wand of teleportation (5/9)
 E - a wand of iceblast (2/15)
 F - a wand of hasting (2/9)
 J - a wand of heal wounds (0/9)
 U - a wand of lightning (5/15)
 Z - a wand of lightning (2/15)
Scrolls
 c - 6 scrolls of magic mapping
 d - 29 scrolls of remove curse
 v - 4 scrolls of blinking
 w - 5 scrolls of teleportation
 z - 28 scrolls of identify {@*1}
 A - 4 scrolls of holy word
 B - 4 scrolls of fear
 K - 4 scrolls of fog
 P - 7 scrolls of enchant armour
 X - a scroll of brand weapon
Potions
 j - 6 potions of might
 k - 7 potions of berserk rage
 p - 19 potions of curing
 u - 4 potions of heal wounds
 H - 3 potions of ambrosia
 I - 5 potions of cure mutation
 M - 3 potions of invisibility
 Q - a potion of resistance
 T - 7 potions of flight
 V - 6 potions of haste
 Y - 5 potions of agility
Comestibles
 f - 6 meat rations
 g - 24 royal jellies
 r - 50 fruits
 t - a slice of pizza
 D - 18 beef jerkies
 N - 17 bread rations


   Skills:
 - Level 26.1 Fighting
 - Level 17.2(18.8) Axes
 - Level 13.7(17.1) Maces & Flails
 - Level 23.7 Armour
 + Level 24.3 Dodging
 - Level 19.7 Shields
 * Level 8.2 Invocations
 - Level 18.6 Evocations


You had 26 spell levels left.
You didn't know any spells.

Dungeon Overview and Level Annotations

Branches:
Dungeon (15/15)            Temple (0/1) D:5            Lair (6/6) D:11
  Swamp (4/4) Lair:3       Spider (4/4) Lair:2        Slime (0/5) Lair:6
    Orc (2/2) D:11            Elf (3/3) Orc:2        Vaults (5/5) D:13
  Crypt (3/3) Vaults:2       Tomb (3/3) Crypt:3      Depths (5/5) D:15
    Zot (0/5) Depths:5

Altars:
Ashenzari
Cheibriados
Elyvilon
Hepliaklqana
Kikubaaqudgha
Nemelex Xobeh
Pakellas
Ru
Trog
Vehumet
Xom
Yredelemnul
Zin
The Shining One
Beogh
Jiyva

Shops:
D:4 =   D:11 !   D:12 !   Orc:2 (*(!}   Elf:3 *   Vaults:2 [   Vaults:3 }
Vaults:4 !   Vaults:5 !   Depths:1 *   Depths:3 *

Portals:
Hell: Depths:1 Depths:2 Depths:3 Depths:4
Abyss: Depths:4
Pandemonium: Depths:2 Depths:3
Ziggurat: Depths:1
Trove: Elf:3 (give horn of Geryon)

Annotations:
Depths:1 exclusion: orange crystal statue


Innate Abilities, Weirdness & Mutations

You reflexively headbutt those who attack you in melee.
You have a pair of horns on your head.
You have very sharp teeth.
You have sharp toenails.
You are partially covered in iridescent scales. (AC +4)
Your skin changes colour to match your surroundings (Stealth+).
You tend to lose your temper in combat.
You are robust. (+10% HP)
You occasionally shout uncontrollably at your foes.


Message History

The greater mummy mumbles some strange words.
The mummy priest utters an invocation to its god.
The greater mummy completely misses you.
The mummy priest invokes the aid of its god against you.
Something smites you!
* * * LOW HITPOINT WARNING * * *
The mummy priest mumbles some strange prayers to its god.
The greater mummy completely misses you.
Your daeva calls down the wrath of the Shining One upon the greater mummy.
The greater mummy is smitten.
The greater mummy casts a spell.
Send 'em back where they came from!
The Shining One protects your fellow warrior from evil magic!
Your daeva blocks the death scarab's attack.
The greater mummy points at you and mumbles some strange words.
Something smites you! The Shining One protects you from harm!
The greater mummy gestures at you while chanting.
Something smites you!
You die...

########
#..<...#
#s.BBA.#
#[sHMB.#
#8MBM§.#
#.s88§.#


#sM8MsB# #.§4MsB# #3§3MMM# #.MM8ss# #WM8MBB# You could see 5 greater mummies, 8
emperor scorpions, 4 mummy priests, 3 guardian mummies, 6 ushabtiu, a rust
devil, a freezing wraith, a neqoxec, a ynoxinul, 8 death scarabs, a mummy and a
friendly daeva.

Vanquished Creatures
  4 ancient liches
  Mara (Elf:3)
  28 greater mummies
  Sojobo (Tomb:2)
  Boris (thrice) (Vaults:3 Crypt:2 Crypt:3)
  Margery (Depths:5)
  2 caustic shrikes (Depths:4)
  3 golden dragons
  the Enchantress (Depths:2)
  2 bone dragons
  Arachne (Spider:2)
  Jorgrun (Spider:3)
  3 tentacled monstrosities
  A quicksilver dragon (Depths:4)
  8 liches
  3 deep elf blademasters (Elf:3)
  4 titans
  5 deep elf master archers (Elf:3)
  2 tentacled starspawn (Abyss:4)
  Kirke (D:13)
  9 ancient champions
  Frances (Spider:1)
  3 large abominations
  13 sphinxes
  6 storm dragons
  A thorn hunter (Swamp:4)
  8 tengu reavers
  2 shadow dragons (Vaults:5)
  Agnes (D:15)
  Roxanne (Elf:2)
  A draconian monk (Depths:5)
  11 fire giants
  Wiglaf (Crypt:3)
  6 ghost moths
  Donald (Vaults:1)
  8 deep elf sorcerers
  7 frost giants
  Maud (D:12)
  A cacodemon (Abyss:4)
  6 emperor scorpions
  14 vault wardens
  3 curse skulls (Crypt:3)
  15 ironheart preservers
  4 ghouls
  3 deep elf elementalists
  4 iron dragons
  2 war gargoyles
  16 very ugly things
  38 stone giants
  9 spriggan defenders
  A reaper (Crypt:3)
  9 vampire knights
  6 caustic shrike skeletons (Depths:2)
  A black draconian (Depths:5)
  Nessos (Lair:5)
  A green draconian (Depths:5)
  5 spark wasps
  4 deep elf demonologists
  5 deep elf annihilators (Elf:3)
  A red draconian (Depths:5)
  A dire elephant (Lair:5)
  A mottled draconian (Depths:5)
  A dire elephant (shapeshifter) (Depths:4)
  12 ettins
  2 eidola
  24 mummy priests
  A merfolk impaler (Depths:4)
  3 deep elf death magi
  The ghost of hypermopl the Fencer, a journeyman HEFi of Zin (Lair:1)
  5 deep elf high priests
  7 jiangshi
  5 entropy weavers
  15 yaktaur captains
  3 fire dragons
  10 great orbs of eyes
  5 rakshasas
  9 ice dragons
  29 vault guards
  18 hydras
  Erolcha (Volcano)
  An anaconda (shapeshifter) (Vaults:5)
  3 catoblepae
  2 ghost crabs
  8 spriggan air magi
  9 alligators
  3 death knights
  An anaconda (Depths:2)
  5 deep troll shamans
  9 centaur warriors
  A ghost crab (shapeshifter) (D:15)
  24 dancing weapons
  12 ogre magi
  15 death yaks
  4 vampire magi
  2 titan zombies
  3 deep troll earth magi
  An orc high priest (Orc:2)
  10 tengu warriors
  3 thrashing horrors (Abyss:4)
  9 spriggan berserkers
  A soul eater (Crypt:2)
  21 deep elf knights
  A storm dragon zombie (Tomb:1)
  A wretched star (Abyss:4)
  4 fire crabs
  2 hell knights
  5 iron trolls
  2 shadow wraiths
  3 salamander mystics
  35 skeletal warriors
  2 unseen horrors
  50 death scarabs
  A flayed ghost (Crypt:2)
  4 giant orange brains
  10 spriggan druids
  A death drake (shapeshifter) (Vaults:2)
  19 hill giants
  A deep troll (shapeshifter) (D:15)
  20 deep trolls
  14 deep elf archers
  A swamp dragon (shapeshifter) (Depths:3)
  A storm dragon skeleton (Tomb:1)
  13 swamp dragons
  13 ironbrand convokers
  6 harpies
  An anubis guard (shapeshifter) (Vaults:5)
  11 phantasmal warriors
  A lindwurm (Lair:6)
  2 shambling mangroves (Swamp:4)
  2 wolf spider zombies
  34 anubis guards
  8 orc knights
  A golden dragon skeleton (Crypt:1)
  10 necromancers
  15 orb spiders
  A mana viper (shapeshifter) (Vaults:5)
  A glowing shapeshifter (Vaults:5)
  A harpy (shapeshifter) (Vaults:3)
  5 orc sorcerers (Orc:2)
  7 ugly things
  8 salamanders
  23 wolf spiders
  3 wizards
  44 deep elf magi
  9 griffons
  A manticore (D:11)
  15 hornets
  An octopode (shapeshifter) (Vaults:2)
  9 cyclopes
  A cyclops (shapeshifter) (Depths:4)
  A moth of wrath (Spider:4)
  2 stone giant skeletons
  17 elephants
  A frost giant zombie (Vaults:3)
  Maurice (D:9)
  3 centaur zombies
  A guardian serpent (shapeshifter) (Vaults:3)
  19 spiny frogs
  4 black mambas
  Joseph (Lair:1)
  6 torpor snails (Lair:6)
  4 gargoyles
  2 iron dragon skeletons
  14 vault sentinels
  2 smoke demons (Abyss:4)
  A titan simulacrum (Crypt:3)
  A torpor snail (shapeshifter) (D:15)
  4 rime drakes (Lair:5)
  11 komodo dragons
  A kobold demonologist (Vaults:2)
  A yaktaur zombie (Vaults:3)
  An efreet (D:15)
  6 tengu conjurers
  2 catoblepas skeletons
  33 yaktaurs
  A yellow draconian skeleton (Crypt:2)
  6 freezing wraiths
  13 demonic crawlers
  An iron troll skeleton (Crypt:1)
  33 jumping spiders
  A yaktaur skeleton (Vaults:2)
  30 guardian mummies
  9 trolls
  3 meliai
  7 giant leeches
  A queen bee (Lair:1)
  A shadow dragon simulacrum (Vaults:3)
  A harpy zombie (D:14)
  15 polar bears
  2 raiju (Lair:6)
  19 two-headed ogres
  29 slime creatures
  17 bog bodies
  2 hydra skeletons
  A tarantella zombie (Crypt:2)
  A wolf spider simulacrum (Crypt:3)
  A death drake skeleton (Crypt:3)
  13 ushabtiu
  19 blink frogs
  7 boulder beetles
  2 frost giant simulacra
  A starcursed mass (Crypt:2)
  A fire dragon skeleton (Tomb:2)
  7 air elementals
  An ettin zombie (Vaults:2)
  22 flying skulls
  An alligator skeleton (Crypt:3)
  5 water elementals
  A meliai zombie (D:15)
  26 tarantellas
  56 spriggans
  3 shadows
  A redback (shapeshifter) (Depths:1)
  91 redbacks
  7 wraiths
  A centaur simulacrum (D:13)
  8 basilisks
  11 wyverns
  5 fire elementals
  A yak (shapeshifter) (D:15)
  16 yaks
  A vampire (D:13)
  A neqoxec (Abyss:4)
  A wind drake zombie (Crypt:3)
  8 fire bats
  A steam dragon (D:12)
  A hungry ghost (D:7)
  2 hogs (D:13)
  8 hippogriffs
  2 mottled dragons
  42 vampire mosquitoes
  17 swamp worms
  15 insubstantial wisps
  A soldier ant (D:11)
  14 wargs
  A soldier ant (shapeshifter) (Depths:1)
  7 hell hounds
  A spiny frog zombie (Crypt:3)
  11 porcupines
  9 water moccasins
  An eye of draining (shapeshifter) (D:15)
  8 ice beasts
  23 orc warriors
  A water nymph skeleton (Crypt:2)
  5 sky beasts
  18 black bears
  13 boggarts
  2 necrophages
  7 swamp drakes
  3 eyes of draining
  38 wasps
  An ettin simulacrum (Crypt:3)
  65 ogres
  A phantom (D:5)
  20 wolves
  11 centaurs
  A crocodile (shapeshifter) (D:15)
  2 small abominations (Abyss:4)
  2 centaurs (shapeshifter) (Vaults:2)
  8 crocodiles
  An octopode zombie (Crypt:1)
  3 earth elementals
  16 giant frogs
  Blork the orc (D:5)
  3 wyvern zombies
  A hell hound skeleton (Crypt:1)
  2 wyvern skeletons
  A scorpion (shapeshifter) (Depths:4)
  12 scorpions
  A shapeshifter zombie (Crypt:3)
  30 killer bees
  5 electric eels
  A polar bear skeleton (Crypt:3)
  13 wights
  9 howler monkeys
  10 crimson imps
  A giant frog zombie (D:11)
  3 lava snakes (Volcano)
  20 hounds
  26 orc priests
  6 jellies
  26 orc wizards
  A human skeleton (Crypt:3)
  4 centaur skeletons
  3 giant frog skeletons
  3 iguanas
  7 worker ants
  A big kobold zombie (Crypt:3)
  24 sheep
  A sky beast zombie (Crypt:2)
  A big kobold skeleton (Crypt:2)
  A deep dwarf skeleton (Crypt:3)
  A hound zombie (D:10)
  A naga skeleton (Crypt:3)
  A tengu skeleton (Crypt:1)
  A hound skeleton (D:6)
  44 mummies
  2 howler monkey skeletons
  A gnoll (shapeshifter) (Vaults:5)
  8 gnolls
  A hell rat skeleton (Crypt:2)
  A swamp drake zombie (Crypt:3)
  11 adders
  41 river rats
  3 shadow imps
  2 white imps (Depths:3)
  7 oozes
  A sheep skeleton (Crypt:1)
  A sheep zombie (Crypt:2)
  18 worms
  2 dart slugs (D:2)
  3 giant geckos
  60 orcs
  6 giant cockroaches
  7 goblins
  5 hobgoblins
  12 jackals
  7 quokkas
  4 ball pythons
  11 bats
  A giant gecko zombie (D:7)
  2 giant newts
  6 kobolds
  10 rats
  A rat skeleton (Crypt:1)
  A crawling corpse (Vaults:5)
  6 fungi
  A lost soul (Crypt:1)
  3 plants
2570 creatures vanquished.

Vanquished Creatures (collateral kills)
  Nikola (Swamp:4)
  2 deep elf blademasters (Elf:3)
  2 thorn hunters (Swamp:4)
  A deep elf sorcerer (Elf:3)
  A deep elf elementalist (Elf:3)
  A mummy priest (Tomb:3)
  Josephine (Lair:6)
  2 vault guards (Vaults:5)
  A hydra (Swamp:4)
  Erica (Lair:2)
  The ghost of pk666 the Cleaver, a novice MiBe of Trog (D:8)
  2 death yaks (Lair:4)
  A deep elf mage (Elf:3)
  A wolf spider (Spider:4)
  An orc sorcerer (Orc:2)
  A jumping spider (Spider:4)
  An ushabti (Tomb:3)
  2 wraiths (Lair:6)
  5 redbacks
  2 vampire mosquitoes
  A swamp worm (Swamp:4)
  3 orc warriors (Orc:2)
  A giant frog (Lair:2)
  4 killer bees (Lair:1)
  An orc priest (Orc:2)
  4 orc wizards (Orc:2)
  A hound skeleton (D:8)
  A giant cockroach (D:8)
46 creatures vanquished.

Vanquished Creatures (others)
  A lich (Depths:4)
  3 tengu reavers
  A deep elf elementalist (Vaults:5)
  A stone giant (Vaults:5)
  A centaur warrior (Depths:1)
  A deep elf knight (Vaults:3)
  A swamp dragon (Swamp:4)
  A necromancer (Depths:5)
  A hill giant (Tomb:2)
  A harpy (Vaults:2)
  A deep elf mage (Elf:2)
  A hornet (Swamp:4)
  A cyclops (Vaults:2)
  2 spiny frogs (Swamp:4)
  5 yaktaurs
  A snapping turtle (Tomb:2)
  11 flying skulls
  2 humans (D:13)
  A wasp (Swamp:1)
  A black bear (Tomb:2)
  A tengu (shapeshifter) (Vaults:5)
  A boggart (Vaults:2)
  A human simulacrum (Vaults:3)
  An orc wizard (Orc:2)
  4 mummies (Tomb:2)
  A briar patch (Swamp:4)
  29 fungi
  5 lost souls
  29 plants
  5 starspawn tentacles (Abyss:4)
  88 starspawn tentacle segments (Abyss:4)
203 creatures vanquished.

Grand Total: 2819 creatures vanquished

Notes
Turn   | Place    | Note
--------------------------------------------------------------
     0 | D:1      | tyrsky the Minotaur Berserker began the quest for the Orb.
     0 | D:1      | Reached XP level 1. HP: 19/19 MP: 0/0
   634 | D:1      | Reached XP level 2. HP: 27/27 MP: 1/1
  1272 | D:2      | Reached XP level 3. HP: 7/33 MP: 2/2
  1486 | D:2      | Found an oddly glowing altar of Pakellas.
  1508 | D:2      | Reached skill level 4 in Fighting
  1804 | D:2      | Reached ** piety under Trog
  1905 | D:2      | Found a snail-covered altar of Cheibriados.
  2110 | D:3      | Reached XP level 4. HP: 15/41 MP: 3/3
  2439 | D:3      | Reached skill level 5 in Maces & Flails
  2450 | D:3      | Found a sacrificial altar of Ru.
  2649 | D:3      | Found a shattered altar of Ashenzari.
  2673 | D:3      | Found a basalt altar of Yredelemnul.
  2832 | D:4      | Found Janwamor's Jewellery Shop.
  2832 | D:4      | Noticed an ogre
  2840 | D:4      | Killed an ogre
  2840 | D:4      | Reached XP level 5. HP: 42/47 MP: 4/4
  3180 | D:4      | Reached skill level 5 in Fighting
  3180 | D:4      | Reached XP level 6. HP: 56/56 MP: 5/5
  3399 | D:4      | Reached skill level 1 in Shields
  3421 | D:4      | Reached *** piety under Trog
  3773 | D:5      | Entered Level 5 of the Dungeon
  3951 | D:5      | Noticed Blork the orc
  3974 | D:5      | Killed Blork the orc
  3974 | D:5      | Reached XP level 7. HP: 55/61 MP: 6/6
  3986 | D:5      | Found a staircase to the Ecumenical Temple.
  4006 | D:5      | Found a hazy altar of Hepliaklqana.
  4006 | D:5      | Found a radiant altar of Vehumet.
  4134 | D:5      | Found an oddly glowing altar of Pakellas.
  4135 | D:5      | Found a bloodstained altar of Trog.
  4135 | D:5      | Found a sparkling altar of Nemelex Xobeh.
  4136 | D:5      | Found a shimmering altar of Xom.
  4547 | D:6      | Reached skill level 5 in Armour
  4604 | D:6      | Reached skill level 6 in Fighting
  4621 | D:6      | Reached XP level 8. HP: 24/70 MP: 7/7
  4876 | D:6      | Reached skill level 5 in Dodging
  5136 | D:6      | Found an ancient bone altar of Kikubaaqudgha.
  5494 | D:7      | Reached skill level 7 in Fighting
  5624 | D:7      | Reached XP level 9. HP: 63/79 MP: 8/8
  5651 | D:7      | Got an ichor-stained war axe {flame}
  5652 | D:7      | Identified the cursed +1 war axe "Ulemedif" {flame, Str+7} (You took it off a centaur on level 7 of the Dungeon)
  5784 | D:7      | Reached skill level 1 in Axes
  5784 | D:7      | Reached skill level 5 in Shields
  5784 | D:7      | Reached **** piety under Trog
  6024 | D:8      | Noticed pk666's ghost (novice MiBe)
  6028 | D:8      | Killed pk666's ghost
  6028 | D:8      | Reached skill level 8 in Fighting
  6066 | D:8      | Got a twitching pewter ring
  6385 | D:9      | Noticed Maurice
  6609 | D:9      | Reached XP level 10. HP: 90/90 MP: 9/9
  6646 | D:9      | Killed Maurice
  6690 | D:9      | Identified the ring "Xuquqisch" {Ice *Corrode MR- MP+9 Stlth+} (You found it on level 8 of the Dungeon)
  7013 | D:9      | You fall through a shaft for 3 floors!
  7013 | D:12     | Found Peisuapral's Distillery.
  7022 | D:12     | Bought a potion of heal wounds for 80 gold pieces
  7022 | D:12     | Bought a potion of curing for 48 gold pieces
  7022 | D:12     | Bought a potion of curing for 48 gold pieces
  7067 | D:12     | Bought a potion of cure mutation for 400 gold pieces
  7068 | D:12     | Gained mutation: You have very sharp teeth. [mutagenic meat]
  7069 | D:12     | Gained mutation: You are partially covered in iridescent scales. (AC +4) [mutagenic meat]
  7070 | D:12     | Gained mutation: Your skin changes colour to match your surroundings (Stealth+). [mutagenic meat]
  7071 | D:12     | Gained mutation: You are robust. (+10% HP) [mutagenic meat]
  7072 | D:12     | Gained mutation: You have sharp toenails. [mutagenic meat]
  7207 | D:10     | Entered Level 10 of the Dungeon
  7237 | D:9      | Reached skill level 9 in Fighting
  7255 | D:9      | Found a white marble altar of Elyvilon.
  7255 | D:9      | Found a glowing golden altar of the Shining One.
  7255 | D:9      | Found a glowing silver altar of Zin.
  7282 | D:9      | Noticed a moth of wrath
  7286 | D:9      | Found a bloodstained altar of Trog.
  7354 | D:9      | Reached ***** piety under Trog
  7639 | D:10     | Reached skill level 5 in Axes
  7791 | D:11     | Found a staircase to the Lair.
  7803 | D:11     | Noticed a hill giant
  7873 | D:11     | Killed a hill giant
  7985 | D:11     | Reached XP level 11. HP: 108/108 MP: 10/10
  8135 | D:11     | Found Eqyomeul's Distillery.
  8151 | D:11     | Reached skill level 10 in Fighting
  8181 | D:11     | Bought a potion of curing for 51 gold pieces
  8181 | D:11     | Bought a potion of heal wounds for 85 gold pieces
  8306 | D:11     | Found a staircase to the Orcish Mines.
  8452 | Lair:1   | Entered Level 1 of the Lair of Beasts
  8469 | Lair:1   | Received a gift from Trog
  8710 | Lair:1   | Noticed hypermopl's ghost (journeyman HEFi)
  8722 | Lair:1   | Killed hypermopl's ghost
  8799 | Lair:1   | Reached skill level 10 in Armour
  8832 | Lair:1   | Noticed Joseph
  8849 | Lair:1   | Killed Joseph
  9184 | Lair:1   | Noticed a seven-headed hydra
  9191 | Lair:1   | Killed a four-headed hydra
  9318 | Lair:2   | Reached skill level 11 in Fighting
  9681 | Lair:2   | Reached XP level 12. HP: 121/121 MP: 11/11
  9771 | Lair:2   | Received a gift from Trog
  9821 | Lair:2   | Noticed Erica
  9825 | Lair:2   | Killed Erica
 10006 | Lair:2   | Reached skill level 10 in Shields
 10335 | Lair:2   | Found a hole to the Spider Nest.
 10681 | Lair:3   | Reached skill level 10 in Dodging
 10780 | Lair:3   | Noticed a catoblepas
 10789 | Lair:3   | Killed a catoblepas
 10945 | Lair:3   | Found a dark tunnel.
 10965 | Volcano  | Entered a volcano
 11107 | Volcano  | Found a burning altar of Makhleb.
 11107 | Volcano  | Noticed Erolcha
 11111 | Volcano  | Killed Erolcha
 11188 | Lair:3   | Found a staircase to the Swamp.
 11464 | Lair:4   | Received a gift from Trog
 11464 | Lair:4   | Reached skill level 12 in Fighting
 11518 | Lair:4   | Noticed a catoblepas
 11542 | Lair:4   | Killed a catoblepas
 11706 | Lair:4   | Noticed a five-headed hydra
 11715 | Lair:4   | Killed a one-headed hydra
 11790 | Lair:4   | Noticed a death yak
 11790 | Lair:4   | Noticed a death yak
 11790 | Lair:4   | Noticed a death yak
 11790 | Lair:4   | Noticed a death yak
 11791 | Lair:4   | Noticed a death yak
 11793 | Lair:4   | Noticed a death yak
 11795 | Lair:4   | Killed a death yak
 11797 | Lair:4   | Killed a death yak
 11797 | Lair:4   | Reached XP level 13. HP: 130/130 MP: 12/12
 11802 | Lair:4   | Reached skill level 10 in Axes
 12249 | Lair:5   | Noticed Nessos
 12273 | Lair:5   | Killed Nessos
 12373 | Lair:5   | Reached skill level 13 in Fighting
 12487 | Lair:5   | Noticed a dire elephant
 12499 | Lair:5   | Killed a dire elephant
 13378 | Lair:6   | Entered Level 6 of the Lair of Beasts
 13412 | Lair:6   | Found a viscous altar of Jiyva.
 13413 | Lair:6   | Found a staircase to the Slime Pits.
 13440 | Lair:6   | Noticed Josephine
 13447 | Lair:6   | Killed Josephine
 13449 | Lair:6   | Reached XP level 14. HP: 141/141 MP: 13/13
 13771 | Lair:6   | Reached ****** piety under Trog
 13771 | Lair:6   | Received a gift from Trog
 14093 | Lair:6   | Received a gift from Trog
 14188 | Lair:6   | Got a crystal dagger {god gift}
 14189 | Lair:6   | Identified the +2 dagger of Trog's No More Talking {freeze, Str+5} (Trog gifted it to you on level 6 of the Lair of Beasts)
 14464 | Lair:6   | Reached skill level 1 in Evocations
 14480 | Lair:6   | Found a runed door.
 14973 | Orc:1    | Entered Level 1 of the Orcish Mines
 15104 | Orc:2    | Entered Level 2 of the Orcish Mines
 15173 | Orc:2    | Reached skill level 14 in Fighting
 15277 | Orc:1    | Received a gift from Trog
 15379 | Orc:1    | Found a roughly hewn altar of Beogh.
 15942 | Orc:2    | Found a staircase to the Elven Halls.
 16020 | Orc:2    | Received a gift from Trog
 16189 | Orc:2    | Found Plog's Antique Weapon Shop.
 16272 | Orc:2    | Found Icerechefe's Distillery.
 16272 | Orc:2    | Found Kyrex's General Store.
 16273 | Orc:2    | Found Ovirauta's Antique Weapon Boutique.
 16285 | Orc:2    | Found Siyreged's Gadget Shop.
 16297 | Orc:2    | Bought a wand of heal wounds (4/9) for 720 gold pieces
 17154 | D:12     | Noticed Maud
 17160 | D:12     | Killed Maud
 17582 | D:13     | Noticed Kirke
 17595 | D:13     | Killed Kirke
 17595 | D:13     | Reached skill level 5 in Evocations
 17595 | D:13     | Reached XP level 15. HP: 145/152 MP: 17/17
 18035 | D:13     | Found a gate to the Vaults.
 18876 | D:15     | Entered Level 15 of the Dungeon
 18932 | D:15     | Received a gift from Trog
 19004 | D:15     | Noticed Agnes
 19015 | D:15     | Killed Agnes
 19512 | D:15     | Reached skill level 15 in Fighting
 20065 | D:15     | Found a staircase to the Depths.
 20413 | Swamp:1  | Entered Level 1 of the Swamp
 21308 | Swamp:2  | Reached XP level 16. HP: 163/163 MP: 21/21
 21335 | Swamp:2  | Received a gift from Trog
 22663 | Swamp:3  | Reached skill level 15 in Armour
 23065 | Swamp:4  | Entered Level 4 of the Swamp
 23201 | Swamp:3  | Received a gift from Trog
 23362 | Swamp:4  | Reached skill level 15 in Shields
 23430 | Swamp:4  | Noticed a thorn hunter
 23446 | Swamp:4  | Killed a thorn hunter
 23465 | Swamp:4  | Noticed a thorn hunter
 23469 | Swamp:4  | Killed a thorn hunter
 23784 | Swamp:4  | Noticed a thorn hunter
 23791 | Swamp:4  | Noticed Nikola
 23802 | Swamp:4  | Killed a thorn hunter
 23834 | Swamp:4  | Killed Nikola
 23834 | Swamp:4  | Reached skill level 16 in Fighting
 23834 | Swamp:4  | Reached skill level 10 in Evocations
 23843 | Swamp:4  | Got a pair of transparent gloves
 23854 | Swamp:4  | Identified the +0 pair of gloves of the Jabberwock {rPois rCorr Int+6 Dex-3} (You took it off Nikola on level 4 of the Swamp)
 24031 | Swamp:4  | Got a decaying rune of Zot
 24124 | Spider:1 | Entered Level 1 of the Spider Nest
 24181 | Spider:1 | Noticed Frances
 24190 | Spider:1 | Reached XP level 17. HP: 173/173 MP: 23/23
 24207 | Spider:1 | Killed Frances
 24367 | Spider:1 | Received a gift from Trog
 25103 | Spider:2 | Reached skill level 15 in Axes
 25286 | Spider:3 | Noticed Jorgrun
 25303 | Spider:3 | Killed Jorgrun
 25335 | Spider:3 | Received a gift from Trog
 26045 | Spider:4 | Entered Level 4 of the Spider Nest
 26328 | Spider:4 | Received a gift from Trog
 26428 | Spider:4 | Reached skill level 15 in Dodging
 26956 | Spider:4 | Reached skill level 17 in Fighting
 27052 | Spider:4 | Reached XP level 18. HP: 185/185 MP: 7/25
 27086 | Spider:4 | Received a gift from Trog
 27241 | Spider:4 | Got a gossamer rune of Zot
 27489 | Spider:2 | Noticed Arachne
 27502 | Spider:2 | Killed Arachne
 27806 | Elf:1    | Entered Level 1 of the Elven Halls
 27925 | Elf:1    | Found a flickering gateway to a bazaar.
 27933 | Bazaar   | Entered a bazaar
 27934 | Bazaar   | Found Naqub's Book Shoppe.
 27951 | Bazaar   | Found Nugaedif's Antique Weapon Shop.
 27961 | Bazaar   | Found Veacvuh's Armour Boutique.
 27969 | Bazaar   | Found Aleigi's Gadget Shop.
 28178 | Elf:1    | Got an ichor-stained plate armour
 28189 | Elf:1    | Identified the +7 plate armour "Comew" {*Confuse rN+ Str+4} (You found it on level 1 of the Elven Halls)
 28380 | Elf:1    | Received a gift from Trog
 28924 | Elf:2    | Noticed Roxanne
 28955 | Elf:2    | Killed Roxanne
 28957 | Elf:2    | Identified Roxanne's Catalogue of Moulding (You took it off Roxanne on level 2 of the Elven Halls)
 29287 | Elf:2    | Found a huge runed gate.
 29289 | Elf:2    | Found a huge runed gate.
 29292 | Elf:2    | Found a huge runed gate.
 29323 | Elf:2    | Received a gift from Trog
 29974 | Elf:3    | Entered Level 3 of the Elven Halls
 30035 | Elf:3    | Found Xunt's Assorted Antiques.
 30051 | Elf:3    | Bought a fuming green potion for 36 gold pieces
 30217 | Elf:3    | Found a portal to a secret trove of treasure.
 30641 | Elf:3    | Noticed Mara
 30649 | Elf:3    | Received a gift from Trog
 30649 | Elf:3    | Reached XP level 19. HP: 128/196 MP: 27/27
 30697 | Elf:3    | Reached skill level 18 in Fighting
 30966 | Elf:3    | Reached skill level 10 in Maces & Flails
 31103 | Elf:3    | Noticed tyrsky's illusion
 31104 | Elf:3    | Killed Mara
 31852 | Elf:3    | Noticed a Tzitzimitl
 31853 | Elf:3    | Received a gift from Trog
 31974 | Elf:3    | Got an ancient copper ring
 32040 | Elf:3    | Got a clouded lapis lazuli ring
 32042 | Elf:3    | Identified the ring "Locuatynk" {+Fly rPois Int+2} (You took it off a deep elf sorcerer on level 3 of the Elven Halls)
 32044 | Elf:3    | Identified the ring "Qoan" {rElec MR+ Int+3 Dex+3} (You took it off a deep elf sorcerer on level 3 of the Elven Halls)
 32504 | Vaults:1 | Entered Level 1 of the Vaults
 32957 | Vaults:1 | Noticed Donald
 32976 | Vaults:1 | Killed Donald
 33382 | Vaults:1 | Received a gift from Trog
 33820 | Vaults:2 | Reached XP level 20. HP: 207/207 MP: 29/29
 34247 | Vaults:2 | Received a gift from Trog
 34277 | Vaults:2 | Got a brightly glowing morningstar {god gift}
 34278 | Vaults:2 | Identified the +7 morningstar "Niecw" {crush, MR+} (Trog gifted it to you on level 2 of the Vaults)
 35019 | Vaults:2 | Received a gift from Trog
 35387 | Vaults:2 | Found Quohahan's Armour Boutique.
 35440 | Vaults:2 | Found a staircase to the Crypt.
 35440 | Vaults:2 | Found an ancient bone altar of Kikubaaqudgha.
 35441 | Vaults:2 | Found a basalt altar of Yredelemnul.
 35495 | Vaults:3 | Reached skill level 19 in Fighting
 35532 | Vaults:3 | Noticed Boris
 35544 | Vaults:3 | Killed Boris
 35831 | Vaults:3 | Found Ugalat's Gadget Shop.
 36147 | Vaults:3 | Paralysed by an ogre mage for 2 turns
 36167 | Vaults:3 | Received a gift from Trog
 36824 | Vaults:3 | Reached XP level 21. HP: 217/217 MP: 30/30
 37221 | Vaults:4 | Received a gift from Trog
 37551 | Vaults:4 | Found Foag's Distillery.
 37568 | Vaults:4 | Bought a potion of curing for 60 gold pieces
 37568 | Vaults:4 | Bought a potion of curing for 60 gold pieces
 37568 | Vaults:4 | Bought a potion of heal wounds for 100 gold pieces
 37955 | Vaults:5 | Entered Level 5 of the Vaults
 38015 | Vaults:4 | Received a gift from Trog
 38418 | Vaults:5 | Gained mutation: You tend to lose your temper in combat. [a shining eye]
 38875 | Vaults:5 | Found Lymiarph's Distillery.
 38904 | Vaults:5 | Bought a potion of curing for 51 gold pieces
 38904 | Vaults:5 | Bought a potion of heal wounds for 85 gold pieces
 39001 | Vaults:5 | Reached skill level 15 in Evocations
 39022 | Vaults:5 | Got a smoking silver ring
 39024 | Vaults:5 | Identified the ring of Vehumet's Envy {Wiz rF+ rN+ MR-} (You found it on level 5 of the Vaults)
 39080 | Vaults:5 | Received a gift from Trog
 39255 | Vaults:5 | Reached XP level 22. HP: 137/229 MP: 32/32
 39455 | Vaults:5 | Noticed a golden dragon
 39471 | Vaults:5 | Killed a golden dragon
 39475 | Vaults:5 | Reached skill level 20 in Fighting
 39955 | Vaults:5 | Received a gift from Trog
 40171 | Vaults:5 | Noticed a golden dragon
 40179 | Vaults:5 | Killed a golden dragon
 40364 | Vaults:5 | Got a silver rune of Zot
 40543 | Crypt:1  | Entered Level 1 of the Crypt
 42023 | Crypt:2  | Noticed Boris
 42034 | Crypt:2  | Killed Boris
 42337 | Crypt:3  | Entered Level 3 of the Crypt
 42386 | Crypt:3  | Noticed Boris
 42403 | Crypt:3  | Killed Boris
 42469 | Crypt:2  | Cast into level 4 of the Abyss (a lich)
 42614 | Crypt:2  | Escaped the Abyss
 42733 | Crypt:3  | Noticed Wiglaf
 42743 | Crypt:3  | Killed Wiglaf
 42842 | Crypt:3  | Reached XP level 23. HP: 232/238 MP: 33/33
 42900 | Crypt:3  | Found a staircase to the Tomb.
 42910 | Tomb:1   | Entered Level 1 of the Tomb of the Ancients
 42998 | Tomb:1   | Received a gift from Trog
 43506 | Tomb:1   | Noticed a greater mummy
 43514 | Tomb:1   | Noticed a greater mummy
 43519 | Tomb:1   | Killed a greater mummy
 43519 | Tomb:1   | Reached skill level 21 in Fighting
 43535 | Tomb:1   | Killed a greater mummy
 44234 | Tomb:2   | Noticed Sojobo
 44235 | Tomb:2   | Noticed an ancient lich
 44236 | Tomb:2   | Noticed a greater mummy
 44236 | Tomb:2   | Noticed a greater mummy
 44238 | Tomb:2   | Noticed an ancient lich
 44732 | Tomb:1   | Killed a greater mummy
 44930 | Tomb:2   | Killed a greater mummy
 44934 | Tomb:2   | Killed an ancient lich
 45160 | Crypt:3  | Noticed an ancient lich
 45249 | Crypt:3  | Killed an ancient lich
 45605 | Crypt:3  | Noticed an ancient lich
 45616 | Crypt:3  | Killed an ancient lich
 45623 | Crypt:3  | Reached XP level 24. HP: 106/254 MP: 34/34
 45949 | Depths:1 | Entered Level 1 of the Depths
 46023 | Depths:1 | Found a gateway to Hell.
 46228 | Depths:1 | Reached skill level 22 in Fighting
 46254 | Depths:1 | Found Domp's Assorted Antiques.
 46287 | Depths:1 | Bought a shimmering plate armour for 812 gold pieces
 46299 | Depths:1 | Identified the +6 plate armour "Teuceson" {rC+ Int+6} (You bought it in a shop on level 1 of the Depths)
 46376 | Depths:1 | Found a gateway to a ziggurat.
 46390 | Depths:1 | Paralysed by a giant eyeball for 3 turns
 46411 | Depths:1 | Paralysed by a giant eyeball for 3 turns
 46419 | Depths:1 | Paralysed by a giant eyeball for 3 turns
 46482 | Depths:1 | Paralysed by a giant eyeball for 3 turns
 46578 | Depths:2 | Found a one-way gate leading to the halls of Pandemonium.
 46599 | Depths:2 | Received a gift from Trog
 47371 | Depths:2 | Found a bloodstained altar of Trog.
 48116 | Depths:2 | Noticed the Enchantress
 48172 | Depths:2 | Killed the Enchantress
 48179 | Depths:2 | Got a faerie dragon armour
 48190 | Depths:2 | Identified the +4 faerie dragon armour {rElec rPois Stlth-} (You took it off the Enchantress on level 2 of the Depths)
 48627 | Depths:3 | Identified a scroll of acquirement
 48763 | Depths:3 | Received a gift from Trog
 48803 | Depths:3 | Reached skill level 23 in Fighting
 49212 | Depths:3 | Reached XP level 25. HP: 250/267 MP: 34/34
 49457 | Depths:3 | Found Zeysm's Assorted Antiques.
 49800 | Depths:4 | Received a gift from Trog
 50015 | Depths:4 | Reached skill level 24 in Fighting
 50212 | Depths:4 | Found a one-way gate to the infinite horrors of the Abyss.
 50573 | Depths:4 | Received a gift from Trog
 51040 | Depths:5 | Entered Level 5 of the Depths
 51174 | Depths:5 | Noticed Margery
 51189 | Depths:5 | Killed Margery
 51352 | Depths:5 | Found a gate to the Realm of Zot.
 51401 | Depths:5 | Gained mutation: You occasionally shout uncontrollably at your foes. [a neqoxec]
 51684 | Depths:5 | Received a gift from Trog
 52045 | D:9      | Fell from the grace of Trog
 52045 | D:9      | Became a worshipper of the Shining One
 52497 | Tomb:2   | Killed an ancient lich
 52500 | Tomb:2   | Reached * piety under the Shining One
 52500 | Tomb:2   | Reached XP level 26. HP: 229/278 MP: 27/35
 52503 | Tomb:2   | Killed Sojobo
 52503 | Tomb:2   | Reached skill level 25 in Fighting
 53122 | Tomb:1   | Noticed a greater mummy
 53122 | Tomb:1   | Noticed a greater mummy
 53122 | Tomb:1   | Noticed a greater mummy
 53122 | Tomb:1   | Reached ** piety under the Shining One
 53122 | Tomb:1   | Noticed a greater mummy
 53123 | Tomb:1   | Noticed a greater mummy
 53124 | Tomb:1   | Noticed a greater mummy
 53133 | Tomb:2   | Killed a greater mummy
 53138 | Tomb:2   | Killed a greater mummy
 53142 | Tomb:2   | Killed a greater mummy
 53236 | Tomb:2   | Paralysed by Trog for 6 turns
 53332 | Tomb:1   | Noticed a greater mummy
 53332 | Tomb:1   | Noticed a greater mummy
 53334 | Tomb:1   | Noticed a greater mummy
 53334 | Tomb:1   | Noticed a greater mummy
 53534 | Tomb:1   | Noticed a greater mummy
 53545 | Tomb:2   | Killed a greater mummy
 53840 | Tomb:2   | Killed a greater mummy
 54018 | Tomb:1   | Killed a greater mummy
 54031 | Tomb:2   | Killed a greater mummy
 54257 | Tomb:1   | Noticed a greater mummy
 54273 | Tomb:1   | Killed a greater mummy
 54282 | Tomb:1   | Killed a greater mummy
 54293 | Tomb:1   | Killed a greater mummy
 54301 | Tomb:1   | Noticed a greater mummy
 54308 | Tomb:1   | Killed a greater mummy
 54323 | Tomb:1   | Killed a greater mummy
 54600 | Tomb:1   | Killed a greater mummy
 54698 | Tomb:1   | Reached *** piety under the Shining One
 54752 | Tomb:1   | Noticed a greater mummy
 54762 | Tomb:1   | Killed a greater mummy
 54781 | Tomb:1   | Noticed a greater mummy
 54793 | Tomb:1   | Noticed a greater mummy
 54793 | Tomb:1   | Killed a greater mummy
 54825 | Tomb:1   | Killed a greater mummy
 55034 | Tomb:1   | Noticed a greater mummy
 55039 | Tomb:1   | Noticed a greater mummy
 55044 | Tomb:1   | Killed a greater mummy
 55044 | Tomb:1   | Reached skill level 26 in Fighting
 55045 | Tomb:1   | Noticed a greater mummy
 55047 | Tomb:1   | Noticed a greater mummy
 55047 | Tomb:1   | Noticed a greater mummy
 55053 | Tomb:1   | Noticed a greater mummy
 55055 | Tomb:1   | Reached **** piety under the Shining One
 55057 | Tomb:1   | Killed a greater mummy
 55071 | Tomb:1   | Killed a greater mummy
 55383 | Tomb:1   | Killed a greater mummy
 55383 | Tomb:1   | Reached skill level 1 in Invocations
 55491 | Tomb:1   | Killed a greater mummy
 55501 | Tomb:1   | Killed a greater mummy
 55734 | Tomb:1   | Noticed a greater mummy
 55750 | Tomb:1   | Killed a greater mummy
 55880 | Tomb:1   | Noticed a greater mummy
 55891 | Tomb:1   | Killed a greater mummy
 55988 | Tomb:2   | Reached skill level 5 in Invocations
 56025 | Tomb:2   | Reached ***** piety under the Shining One
 56032 | Tomb:2   | Reached XP level 27. HP: 267/277 MP: 33/35
 56113 | Tomb:3   | Entered Level 3 of the Tomb of the Ancients
 56134 | Tomb:3   | Reached ****** piety under the Shining One
 56291 | Tomb:3   | Noticed a greater mummy
 56299 | Tomb:3   | Noticed a greater mummy
 56308 | Tomb:3   | Noticed a greater mummy
 56501 | Tomb:3   | Noticed a greater mummy
 56502 | Tomb:3   | Noticed a greater mummy
 56502 | Tomb:3   | HP: 13/276 [??? (5)]
 56503 | Tomb:3   | HP: 1/292 [mummy priest/divine providence (14)]
 56503 | Tomb:3   | The Shining One protects you from harm!
 56503 | Tomb:3   | Killed from afar by a greater mummy

Vault maps used:
D:1:      dpeg_arrival_tiny_i
D:2:      kennysheep_slug_shrine, grunt_pakellas_basics
D:3:      old_standard_altar, nicolae_overflow_hidden_temple,
          lemuel_crystal_altar
D:4:      serial_shops, nicolae_shop_crystal, grunt_decor_clamped,
          okawaru_altar_gauntlet_db
D:5:      grunt_temple_overflow_open, minmay_temple_entry_statues_fountains,
          first_bread, uniq_blork_the_orc
D:6:      lemuel_coloured_pillars_altar
D:8:      hangedman_little_slice_of_home
D:9:      good_gods_mini_temple, tgw_trog, uniq_maurice
D:10:     minmay_misc_feat_doors
D:11:     minmay_lair_entry_grove, orc_0_dummy, serial_shops,
          nicolae_shop_waterfront, st_stairs_12
D:12:     serial_shops, nicolae_shop_crystal, uniq_maud
D:13:     david_vaults_1, uniq_kirke
D:14:     serial_undead, serial_undead_a, serial_undead_d, serial_undead_e,
          serial_undead_c
D:15:     gammafunk_enter_depths_forms, uniq_agnes
Lair:1:   uniq_joseph
Lair:2:   spider_nest_entry_webs, grunt_forest_small_clearing_treed,
          infiniplex_staircase_pool, lemuel_fruit_tree, uniq_erica
Lair:3:   swamp_mist, enter_volcano_2, roderic_lost_polar_bear,
          grunt_megastairs_1, infiniplex_staircase_pool_2
Lair:4:   beast_lair_carwin_11
Lair:5:   mu_elephants_graveyard, special_room, grunt_forest_large_clearings,
          uniq_nessos
Lair:6:   wormcave, hangedman_lair_caniforms_friends, slime_altar_1,
          uniq_josephine
Swamp:1:  serial_swamp_ruin, hangedman_swamp_ruin_wall,
          evilmike_swamp_ruin_rubble_2
Swamp:2:  evilmike_swamp_ruin_house_1, swamp_pool1
Swamp:3:  evilmike_swamp_ruin_house_5, swamp_pool4
Swamp:4:  swamp_basic_johnstein, swamp_pool1, uniq_nikola
Spider:1: uniq_frances
Spider:2: uniq_arachne
Spider:3: hangedman_spider_tarantella_strand, uniq_jorgrun
Spider:4: spider_rune_water
Orc:1:    basic_altar
Orc:2:    st_orc_mages, serial_shops, nicolae_shop_waterfront, mines5_lemuel
Elf:1:    eino_elf_arrival_the_gate, serial_shops, bzr_entry_dummy,
          hangedman_elf_represent
Elf:2:    uniq_roxanne
Elf:3:    minmay_elf_hall, nicolae_trove_entry_diagonal, serial_shops, shop,
          uniq_mara
Vaults:1: nicolae_vaults_big_angled_halls, nicolae_vaults_yaktaur_gun_rack,
          vaults_dpeg_diagonal, nicolae_vaults_quadrants,
          nicolae_vaults_big_angled_halls, hangedman_vaults_pinch,
          vaults_room_corners, grunt_vaults_funnel,
          ontoclasm_vaults_decontamination, vaults_room_door_ring, uniq_donald
Vaults:2: dpeg_vaults_pockets_of_resistance, minmay_crypt_entry_necro_gods,
          vaults_room_fours, hangedman_vaults_trim,
          nicolae_vaults_network_square, v_pattern_2,
          nicolae_vaults_network_quinsquares, v_misc_1, vaults_room_pool,
          serial_shops, nicolae_shop_behind_doors
Vaults:3: ontoclasm_vaults_fault, nicolae_vaults_border_crossing,
          nicolae_vaults_murderbox, nicolae_vaults_circle_grid_a, v_rooms_4,
          grunt_vaults_diagonal, hangedman_vaults_capsules,
          nicolae_vaults_mini_display_case, serial_shops, nicolae_shop_crystal,
          uniq_boris
Vaults:4: grunt_vaults_hallway_short, grunt_vaults_hallway_short, v_misc_11,
          vaults_room_pool, hangedman_vaults_locks,
          nicolae_vaults_little_squares_1, vaults_dpeg_doors, vaults_room_pools,
          ontoclasm_vaults_shuriken, v_misc_13, vaults_dpeg_cross,
          vaults_room_stairs_pillars, nicolae_vaults_what_the_h,
          nicolae_vaults_little_squares_5, nicolae_vaults_specimen_jars,
          serial_shops, shop
Crypt:1:  grunt_crypt_arrival_webbed
Crypt:2:  uniq_boris
Crypt:3:  david_glass_crypt, nicolae_tomb_entry_rubble_hallway, uniq_boris,
          uniq_wiglaf
Tomb:2:   uniq_sojobo
Depths:1: enter_ziggurat_c, hell_entry, minmay_misc_feat_tiny, serial_shops,
          shop, minmay_protected_statue, grunt_megastairs_5
Depths:2: spriggan_forest, hell_entry, pan_entry
Depths:3: kennysheep_large_spiral, serial_shops, shop_coins,
          hangedman_coc_ice_floe, minmay_misc_feat_ornament,
          rand_demon_pan_entry_7, serial_bayou_shore_b
Depths:4: evilmike_diamond_2, pf_hell_entry_tar_spiral, abyss_entry,
          minmay_misc_feat_hallway, kennysheep_two_boxes
Depths:5: evilmike_zot_entry_argh, hell_entry, minmay_misc_feat_nine_boxes,
          minmay_strange_pillars, minmay_misc_feat_diagonals, grunt_tough_drop,
          uniq_margery
Abyss:4:  hangedman_abyss_mock_shop
Bazaar:   bazaar_kb_twisted_cavern
Volcano:  volcano_grotto

Skill      XL: |  1  2  3  4  5  6  7  8  9 10 11 12 13 14 15 16 17 18 19 20 21 22 23 24 25 26 27 |
---------------+----------------------------------------------------------------------------------+-----
Maces & Flails | 4 5 6 7 9 11 12 13 | 13.7
Fighting       | 4 5 6 7 8 9 11 12 13 14 15 16 17 18 19 20 21 23 24 26 | 26.1
Armour         | 3 4 5 6 7 9 10 11 12 13 14 15 16 17 18 19 20 21 22 23 | 23.7
Dodging        | 3 4 5 7 8 9 10 11 12 13 14 15 16 17 18 19 20 22 24 | 24.3
Shields        | 1 2 4 6 8 9 11 12 13 14 15 16 17 18 19 | 19.7
Axes           | 3 5 8 9 11 12 13 14 15 16 17 | 17.2
Evocations     | 5 8 10 11 13 14 15 16 17 18 | 18.6
Invocations    | 5 8 |  8.2

Action                   |  1- 3 |  4- 6 |  7- 9 | 10-12 | 13-15 | 16-18 | 19-21 | 22-24 | 25-27 || total
-------------------------+-------+-------+-------+-------+-------+-------+-------+-------+-------++-------
Melee: Mace              |    89 |   125 |   174 |       |       |       |       |       |       ||   388
       Headbutt          |    12 |    18 |    62 |   115 |   377 |   412 |   483 |   508 |   453 ||  2440
       War axe           |       |       |   116 |   553 |  1341 |  1415 |       |       |       ||  3425
       Kick              |       |       |       |   192 |   112 |       |       |       |       ||   304
       Bite              |       |       |       |    73 |   204 |   254 |   285 |   300 |   238 ||  1354
       Eveningstar       |       |       |       |       |       |   125 |  1520 |   745 |       ||  2390
       Executioner's axe |       |       |       |       |       |       |       |    71 |       ||    71
       Broad axe         |       |       |       |       |       |       |       |   824 |  1169 ||  1993
Throw: Javelin           |       |       |       |    14 |    83 |       |       |       |       ||    97
Invok: Berserk           |       |     4 |     6 |    11 |    11 |    12 |    15 |     6 |     1 ||    66
       Trog's Hand       |       |     2 |     3 |     4 |     3 |    10 |    12 |     7 |     2 ||    43
       Burn Spellbooks   |       |     1 |     1 |     2 |     2 |     7 |     7 |     5 |     2 ||    27
       Brothers in Arms  |       |       |     1 |     6 |     4 |     7 |     9 |       |       ||    27
       Divine Shield     |       |       |       |       |       |       |       |       |     3 ||     3
       Summon Divine War |       |       |       |       |       |       |       |       |     3 ||     3
Evoke: Wand              |       |       |       |       |     2 |     2 |     9 |    19 |    11 ||    43
  Use: Potion            |     2 |       |       |       |     4 |     1 |       |     9 |     1 ||    17
       Scroll            |       |       |    10 |    11 |     7 |    17 |    15 |     7 |     3 ||    70
 Stab: Sleeping          |       |     2 |       |       |       |       |       |       |       ||     2
       Distracted        |       |       |       |       |       |     1 |       |       |       ||     1
  Eat: Chunk             |     2 |     6 |     5 |    26 |    24 |     4 |    22 |    17 |    15 ||   121
       Bread ration      |       |     1 |     4 |     2 |     5 |    10 |     3 |     2 |       ||    27
       Beef jerky        |       |     1 |       |     1 |       |       |       |    10 |       ||    12
       Royal jelly       |       |       |     1 |       |       |       |       |       |       ||     1
       Fruit             |       |       |     1 |       |       |       |       |       |       ||     1
       Pizza             |       |       |       |       |       |     4 |     2 |     1 |       ||     7
       Meat ration       |       |       |       |       |       |       |     3 |     2 |     3 ||     8
Armor: Animal skin       |    16 |    28 |     7 |       |       |       |       |       |       ||    51
       Plate armour      |       |       |   150 |   278 |   453 |   164 |   720 |   581 |   238 ||  2584
       Crystal plate arm |       |       |       |       |    71 |   809 |       |       |       ||   880
Dodge: Dodged            |    74 |    71 |    68 |   221 |   438 |   650 |   833 |   714 |   463 ||  3532
Block: Shield            |       |    34 |   148 |   411 |   877 |  1267 |  1295 |   951 |   648 ||  5631
       Reflection        |       |       |       |       |       |       |    48 |    45 |    14 ||   107
